 Dungeon Crawl Stone Soup version 0.26-a0-1147-g3780a7a11b (webtiles) character file.

Game seed: 6184265257122476898

18808 raph the Earth Mage (level 12, 0/72 HPs)
             Began as a Gargoyle Earth Elementalist on Dec 22, 2020.
             Was a High Priest of Zin.
             Slain by a seven-headed hydra (11 damage)
             ... on level 4 of the Lair of Beasts.
             The game lasted 00:39:50 (16064 turns).

raph the Earth Mage (Gargoyle Earth Elementalist)  Turns: 16064, Time: 00:39:50

Health: 0/72       AC: 21    Str: 13    XL:     12   Next: 62%
Magic:  2/18       EV: 16    Int: 26    God:    Zin [*****.]
Gold:   573        SH:  6    Dex: 20    Spells: 6/20 levels left

rFire    . . .     SeeInvis .   a - +1 morningstar (venom)
rCold    x . .     Faith    .   J - +0 buckler of the Sun {*Slow rPois rN+ Will+}
rNeg     + + .     Spirit   .   P - +3 leather armour "Jaraucof" {Dex+4}
rPois    ∞         Reflect  .   G - +2 helmet
rElec    +         Harm     .   M - +0 cloak
rCorr    .         Rampage  .   O - +1 pair of gloves "Gaffu" {rElec rPois rC- Will++}
Will     +++..                  (no boots)
Stlth    ++........             (no amulet)
HPRegen  0.22/turn              T - +6 ring of intelligence
MPRegen  0.16/turn              I - +6 ring of dexterity

@: hasted and slowed, studying Long Blades
A: negative energy resistance 1, electricity resistance, unbreathing,
petrification resistance, miasma immunity, AC +8
a: Renounce Religion, Recite, Vitalisation, Imprison, Sanctuary, Donate Gold


You were on level 4 of the Lair of Beasts.
You worshipped Zin.
Zin was extremely pleased with you.
You visited 3 branches of the dungeon, and saw 14 of its levels.

You collected 1025 gold pieces.
You spent 350 gold pieces at shops.
You donated 102 gold pieces to Zin.

Inventory:

Hand Weapons
 a - a +1 morningstar of venom (weapon)
 n - a +2 hand axe of flaming
 q - a +2 vorpal war axe
 w - the +5 battleaxe of Truncation {freeze, rF++ rN++ Int-3}
   (You found it on level 5 of the Dungeon)

   It has been specially enchanted to freeze those struck by it, causing extra
   injury to most foes and up to half again as much damage against particularly
   susceptible opponents.
   It can also slow down cold-blooded creatures.
   It affects your intelligence (-3).
   It greatly protects you from fire.
   It greatly protects you from negative energy.
 C - a +0 war axe of electrocution
Missiles
 b - 195 stones
Armour
 d - a +1 pair of gloves
 t - a +2 leather armour of fire resistance
 x - a +0 buckler
 D - a +0 pair of gloves of archery
 G - a +2 helmet (worn)
 J - the +0 buckler of the Sun (worn) {*Slow rPois rN+ Will+}
   (You found it on level 8 of the Dungeon)

   It protects you from poison.
   It protects you from negative energy.
   It affects your willpower, your defense against some magical effects.
   It may slow you when you take damage.
 M - a +0 cloak (worn)
 O - the +1 pair of gloves "Gaffu" (worn) {rElec rPois rC- Will++}
   (You found it on level 2 of the Lair of Beasts)

   It makes you vulnerable to cold.
   It insulates you from electricity.
   It protects you from poison.
   It affects your willpower, your defense against some magical effects.
 P - the +3 leather armour "Jaraucof" (worn) {Dex+4}
   (You found it on level 2 of the Lair of Beasts)

   It affects your dexterity (+4).
Magical Staves
 H - an uncursed staff of conjuration
 R - an uncursed staff of earth
Jewellery
 j - an uncursed ring of resist corrosion
 k - a +4 ring of slaying
 l - an uncursed ring of willpower
 I - a +6 ring of dexterity (right hand)
 T - a +6 ring of intelligence (left hand)
Wands
 e - a wand of flame (23)
 z - a wand of digging (8)
 L - a wand of acid (18)
 Q - a wand of paralysis (5)
Scrolls
 h - 7 scrolls of teleportation
 i - 4 scrolls of magic mapping
 m - 2 scrolls of immolation
 v - 7 scrolls of remove curse
 y - 6 scrolls of fear
 B - 2 scrolls of fog
 K - 4 scrolls of identify
 N - 5 scrolls of amnesia
Potions
 f - 6 potions of curing
 g - 3 potions of flight
 o - 2 potions of cancellation
 p - a potion of haste
 r - a potion of invisibility
 s - a potion of degeneration
 u - 5 potions of ambrosia
 A - 4 potions of might
 E - 3 potions of attraction
 S - a potion of brilliance
Books
 F - a manual of Long Blades
Miscellaneous
 c - a phial of floods


   Skills:
 + Level 7.0 Fighting
 * Level 9.2 Maces & Flails
 + Level 0.8 Armour
 + Level 5.6 Dodging
 - Level 2.1 Stealth
 - Level 4.0 Shields
 + Level 4.5 Spellcasting
 - Level 3.7 Conjurations
 - Level 4.0 Summonings
 - Level 0.7 Transmutations
 + Level 15.5 Earth Magic


You had 6 spell levels left.
You knew the following spells:

 Your Spells              Type           Power        Failure   Level
a - Sandblast             Erth           100%         1%          1
b - Passwall              Tmut/Erth      40%          1%          2
c - Stone Arrow           Conj/Erth      100%         1%          3
d - Lee's Rapid Deconstr  Erth           36%          1%          5
e - Blink                 Tloc           N/A          16%         2
f - Summon Small Mammal   Summ           100%         1%          1

Your spell library contained the following spells:

 Spells                   Type           Power        Failure   Level
 Magic Dart               Conj           100%         2%          1
 Call Imp                 Summ           26%          3%          2
 Petrify                  Tmut/Erth      48%          3%          4
 Foxfire                  Conj/Fire      60%          4%          1
 Conjure Flame            Conj/Fire      15%          14%         3
 Slow                     Hex            5%           16%         2
 Mephitic Cloud           Conj/Pois/Air  12%          19%         3
 Shadow Creatures         Summ           N/A          96%         6
 Eringya's Noxious Bog    Tmut/Pois      3%           100%        6
 Spellforged Servitor     Conj/Summ      13%          100%        7


Dungeon Overview and Level Annotations

Branches:
Dungeon (9/15)             Temple (1/1) D:4            Lair (4/6) D:9
  Swamp (0/4) Lair:2        Snake (0/4) Lair:2
    Orc: D:9-12

Altars:
Ashenzari
Cheibriados
Dithmenos
Elyvilon
Fedhas
Gozag
Hepliaklqana
Kikubaaqudgha
Makhleb
Nemelex Xobeh
Okawaru
Qazlal
Ru
Sif Muna
Trog
Uskayaw
Vehumet
Wu Jian
Xom
Yredelemnul
Zin
The Shining One

Shops:
D:5 (:[(?   D:7 ?

Annotations:
Lair:1 exclusion: hydra
Lair:2 exclusion: 2 oklob plants


Innate Abilities, Weirdness & Mutations

You are resistant to torment.
Your stone body is resilient. (AC +8)
You are immune to poison.
You resist negative energy. (rN+)
You are resistant to electric shocks. (rElec)
You can survive without breathing.
You are immune to petrification.
You are immune to miasma.


Message History

The seven-headed hydra bites you. The yak closely misses you.
You hit the seven-headed hydra.
The seven-headed hydra is heavily wounded.
The seven-headed hydra closely misses you.
The seven-headed hydra misses you.
The seven-headed hydra closely misses you. x2
The seven-headed hydra bites you!
* * * LOW HITPOINT WARNING * * *
The seven-headed hydra bites you!
* * * LOW HITPOINT WARNING * * *
The seven-headed hydra bites you but does no damage.
The yak gores you but does no damage.
The seven-headed hydra bites you but does no damage. x2
The seven-headed hydra misses you.
You block the seven-headed hydra's attack. x2
The seven-headed hydra misses you.
The seven-headed hydra bites you but does no damage.
You feel yourself speed up. The yak completely misses you.
The seven-headed hydra misses you. The seven-headed hydra bites you!
You die...

.#####..#..#####...>.#...
.# .....## ##........ .#
#.P###.#####.##.#.... .#
..P# #..#...#.### ... P#
#..## #.#.#.#### .... #
... #....######..#
#............#
##..P##..####.
#...#.P##@## .....###YD##
..###.####YY# . #.....Y##
...#.#P.### .......†.P#
.#........# ..#..##.†#.#
...#. .#..†..


You could see a seven-headed hydra (very poisoned) and 4 yaks.

Vanquished Creatures
  Harold (D:8)
  A two-headed ogre (D:7)
  Nergalle (Lair:1)
  4 elephants (Lair:3)
  3 black mambas
  6 cane toads
  A rime drake (Lair:1)
  A komodo dragon (Lair:2)
  Prince Ribbit (D:5)
  9 blink frogs
  24 yaks
  5 wyverns
  Eustachio (D:5)
  3 basilisks
  Menkaure (D:5)
  13 water moccasins
  2 ice beasts
  A sky beast (D:7)
  4 orc warriors
  3 black bears
  A swamp drake (Lair:2)
  8 wolves
  A centaur (D:6)
  2 ogres
  6 bullfrogs
  23 killer bees (Lair:2)
  A howler monkey (D:7)
  A centaur zombie (D:7)
  A centaur skeleton (D:4)
  5 orc priests
  A bullfrog skeleton (D:6)
  3 hounds
  5 orc wizards
  2 iguanas
  4 worker ants
  Ijyb (D:4)
  A hound zombie (D:5)
  A worker ant zombie (D:8)
  14 gnolls
  7 adders
  5 white imps
  2 ufetubi
  An ooze (D:1)
  3 adder skeletons
  4 worms
  A dart slug (D:1)
  4 leopard geckos
  16 orcs
  6 giant cockroaches
  5 goblins
  8 hobgoblins
  15 jackals
  3 quokkas
  A ball python (D:3)
  9 bats
  8 frilled lizards
  10 kobolds
  A leopard gecko zombie (D:7)
  A quokka skeleton (D:2)
  10 rats
286 creatures vanquished.

Vanquished Creatures (others)
  21 fungi
  31 plants
52 creatures vanquished.

Grand Total: 338 creatures vanquished

Notes
Turn   | Place    | Note
-------+----------+-------------------------------------------
     0 | D:1      | raph the Gargoyle Earth Elementalist began the quest for
                  | the Orb.
     0 | D:1      | Reached XP level 1. HP: 10/10 MP: 3/3
   180 | D:1      | Reached skill level 4 in Earth Magic
   180 | D:1      | Reached XP level 2. HP: 15/15 MP: 5/5
   307 | D:1      | Learned a level 2 spell: Passwall
   626 | D:1      | Reached XP level 3. HP: 19/19 MP: 6/6
   733 | D:1      | Learned a level 3 spell: Stone Arrow
  1530 | D:1      | Reached skill level 5 in Earth Magic
  1838 | D:2      | Found a stormy altar of Qazlal.
  1969 | D:2      | Reached skill level 1 in Conjurations
  1970 | D:2      | Reached XP level 4. HP: 24/24 MP: 4/7
  2119 | D:2      | You fall into a shaft and drop 2 floors!
  3239 | D:3      | Reached XP level 5. HP: 17/28 MP: 5/8
  3693 | D:3      | Reached skill level 6 in Earth Magic
  3940 | D:4      | Found a staircase to the Ecumenical Temple.
  3996 | Temple   | Entered the Ecumenical Temple
  4055 | Temple   | Became a worshipper of Zin the Law-Giver
  4055 | Temple   | Reached * piety under Zin
  4130 | D:4      | Noticed Ijyb
  4176 | D:4      | Killed Ijyb
  4304 | D:4      | Found a blossoming altar of Fedhas.
  4400 | D:4      | Reached ** piety under Zin
  4538 | D:5      | Entered Level 5 of the Dungeon
  4546 | D:5      | Reached XP level 6. HP: 23/32 MP: 10/10
  4639 | D:5      | Learned a level 5 spell: Lee's Rapid Deconstruction
  4680 | D:5      | Noticed Menkaure
  4684 | D:5      | Killed Menkaure
  4685 | D:5      | Reached skill level 7 in Earth Magic
  4747 | D:5      | Got an ivory battleaxe
  4748 | D:5      | Identified the +5 battleaxe of Truncation {freeze, rF++
                  | rN++ Int-3} (You found it on level 5 of the Dungeon)
  4834 | D:5      | Found Peumayto's Book Shop.
  4837 | D:5      | Bought a book of Minor Magic for 200 gold pieces
  4944 | D:5      | Found Mucvom's Antique Armour Shop.
  4959 | D:5      | Found Hogywk's Antique Weapon Emporium.
  5000 | D:5      | Reached *** piety under Zin
  5060 | D:5      | Reached skill level 1 in Shields
  5110 | D:5      | Found Boph's Weapon Boutique.
  5230 | D:5      | Noticed Prince Ribbit
  5239 | D:5      | Killed Prince Ribbit
  5240 | D:5      | Reached XP level 7. HP: 26/36 MP: 5/11
  5490 | D:5      | Found Sale's Magic Scroll Boutique.
  5494 | D:5      | Bought a scroll of identify for 30 gold pieces
  5494 | D:5      | Bought a scroll of identify for 30 gold pieces
  5498 | D:5      | Noticed Eustachio
  5504 | D:5      | Killed Eustachio
  5505 | D:5      | Reached skill level 8 in Earth Magic
  5916 | D:6      | Reached XP level 8. HP: 30/41 MP: 4/12
  5944 | D:6      | Identified the Compendium of Poisonous Slavery
  5987 | D:6      | Reached skill level 9 in Earth Magic
  6110 | D:6      | Reached skill level 10 in Earth Magic
  6783 | D:6      | Learned a level 2 spell: Blink
  7064 | D:7      | Reached skill level 11 in Earth Magic
  7198 | D:7      | Found Seex's Magic Scroll Shoppe.
  7202 | D:7      | Bought a scroll of enchant weapon for 90 gold pieces
  7233 | D:7      | Noticed a two-headed ogre
  7245 | D:7      | Killed a two-headed ogre
  7246 | D:7      | Reached skill level 12 in Earth Magic
  7246 | D:7      | Reached XP level 9. HP: 19/45 MP: 0/13
  7664 | D:7      | Reached skill level 1 in Maces & Flails
  8131 | D:7      | Found a burning altar of Makhleb.
  8131 | D:7      | Noticed a blizzard demon
  8168 | D:7      | Reached skill level 1 in Fighting
  8168 | D:7      | Reached skill level 13 in Earth Magic
  8404 | D:8      | Reached **** piety under Zin
  8541 | D:8      | Found a shimmering blue altar of Sif Muna.
  8633 | D:8      | Identified Sif Muna's Compendium of Combat Magic
  8832 | D:8      | Got an encrusted buckler
  8843 | D:8      | Identified the +0 buckler of the Sun {*Slow rPois rN+
                  | Will+} (You found it on level 8 of the Dungeon)
  8893 | D:8      | Noticed Harold
  8918 | D:8      | Killed Harold
  8919 | D:8      | Reached XP level 10. HP: 46/55 MP: 0/14
  9526 | D:9      | Found a staircase to the Lair.
  9946 | D:9      | Found a sacrificial altar of Ru.
  9947 | D:9      | Found a hazy altar of Hepliaklqana.
  9948 | D:9      | Found a snail-covered altar of Cheibriados.
  9951 | D:9      | Found a shadowy altar of Dithmenos.
  9951 | D:9      | Found a white marble altar of Elyvilon.
  9952 | D:9      | Found a hide-covered altar of Uskayaw.
 10394 | Lair:1   | Entered Level 1 of the Lair of Beasts
 10517 | Lair:1   | Noticed Nergalle
 10547 | Lair:1   | Killed Nergalle
 10548 | Lair:1   | Reached skill level 5 in Maces & Flails
 10548 | Lair:1   | Reached skill level 14 in Earth Magic
 10906 | Lair:1   | Noticed a cane toad
 10924 | Lair:1   | Killed a cane toad
 11245 | Lair:1   | Noticed a black mamba
 11257 | Lair:1   | Killed a black mamba
 11279 | Lair:1   | Reached XP level 11. HP: 27/62 MP: 3/15
 11496 | Lair:1   | Reached ***** piety under Zin
 11987 | Lair:1   | Noticed an eight-headed hydra
 12029 | Lair:2   | Found a staircase to the Swamp.
 12055 | Lair:1   | Reached skill level 5 in Fighting
 12662 | Lair:2   | Reached skill level 15 in Earth Magic
 12746 | Lair:2   | Found a staircase to the Snake Pit.
 12774 | Lair:2   | Got a pair of bloodstained gloves
 12785 | Lair:2   | Identified the +1 pair of gloves "Gaffu" {rElec rPois rC-
                  | Will++} (You found it on level 2 of the Lair of Beasts)
 12929 | Lair:2   | Learned a level 1 spell: Summon Small Mammal
 13147 | Lair:2   | Got a masterwork leather armour
 13158 | Lair:2   | Identified the +3 leather armour "Jaraucof" {Dex+4} (You
                  | found it on level 2 of the Lair of Beasts)
 13311 | Lair:2   | Reached skill level 1 in Summonings
 13843 | Lair:2   | Reached skill level 5 in Dodging
 14099 | Lair:2   | Noticed an oklob plant
 14116 | Lair:2   | Reached XP level 12. HP: 70/70 MP: 15/17
 16041 | Lair:4   | Noticed a seven-headed hydra
 16064 | Lair:4   | Slain by a seven-headed hydra

Illustrated notes

Levels and vault maps discovered:
D:1:      eino_arrival_druids_welcome, layout_basic
D:2:      layout_basic, lemuel_round_altar
D:3:      layout_rooms
D:4:      layout_rooms, minmay_temple_entry_sparse_star, fedhas_ov_isle_minmay,
          uniq_ijyb
D:5:      layout_loops_corners, serial_shops, kennysheep_little_box,
          shop_fountains, kennysheep_mini_moat, shop, shop, uniq_prince_ribbit1,
          uniq_menkaure, uniq_eustachio
D:6:      layout_basic
D:7:      layout_basic, makhleb_altar_promises_db, serial_shops, shop,
          minmay_manual_mess
D:8:      layout_loops_ring, led_sif_book, uniq_harold
D:9:      layout_basic, grunt_temple_overflow_open, lair_entry_dummy
Temple:   cyrus_circular_temple
Lair:1:   layout_cave_pods, uniq_nergalle
Lair:2:   regret_index_harrowing_hell_hive, layout_chaotic_city,
          minmay_swamp_entry_reptiles, guppyfry_snake_entry_island
Lair:3:   layout_loops_ring
Lair:4:   gammafunk_boulding_lane, layout_loops_ring, lemuel_fruit_tree

Skill      XL: |  1  2  3  4  5  6  7  8  9 10 11 12 |
---------------+-------------------------------------+-----
Earth Magic    | 4 5 6 7 8 12 13 14 15 | 15.5
Conjurations   | 1 2 3 |  3.7
Spellcasting   | 3 4 |  4.5
Shields        | 2 3 4 |  4.0
Maces & Flails | 3 6 8 9 |  9.2
Fighting       | 2 4 6 7 |  7.0
Dodging        | 2 3 5 |  5.6
Summonings     | 2 4 |  4.0
Armour         | |  0.8
Stealth        | |  2.1
Transmutations | |  0.7

Action                   |  1- 3 |  4- 6 |  7- 9 | 10-12 || total
-------------------------+-------+-------+-------+-------++-------
Melee: Hand axe          |   110 |     3 |       |       ||   113
       War axe           |       |    81 |   132 |    38 ||   251
       Morningstar       |       |       |       |   202 ||   202
       Staff             |       |       |       |     5 ||     5
 Cast: Sandblast         |    15 |    37 |    41 |   111 ||   204
       Stone Arrow       |       |     3 |     7 |     5 ||    15
       Lee's Rapid Decon |       |       |    11 |    44 ||    55
       Blink             |       |       |     2 |     3 ||     5
Invok: Recite            |       |     3 |     4 |       ||     7
       Vitalisation      |       |     1 |     2 |     4 ||     7
Evoke: Wand              |       |       |     2 |     1 ||     3
  Use: Scroll            |       |    13 |    10 |     4 ||    27
       Potion            |       |       |     2 |     5 ||     7
 Stab: Sleeping          |     4 |     3 |     1 |     2 ||    10
Armor: Robe              |    37 |    24 |       |       ||    61
       Leather armour    |       |    23 |    63 |   225 ||   311
Dodge: Dodged            |    93 |    76 |   103 |   314 ||   586
Block: Buckler           |       |       |    41 |   133 ||   174

Table legend: (Time is in decaauts)
 A = Elapsed time spent in this place.
 B = Non-inter-level travel time spent in this place.
 C = Inter-level travel time spent in this place.
 D = Time resting spent in this place.
 E = Time spent auto-exploring this place.
 F = Levels seen in this place.
 G = Mean time per level.
                   A        B        C        D        E       F      G
               +--------+--------+--------+--------+--------+-----+--------+
         Total |  16243 |  15879 |    364 |   5534 |   7346 |  14 | 1160.2 |
       Dungeon |  10713 |  10436 |    277 |   2926 |   5544 |   9 | 1190.3 |
        Temple |     77 |     63 |     14 |      0 |      0 |   1 |   77.0 |
          Lair |   5453 |   5380 |     73 |   2608 |   1802 |   4 | 1363.2 |
               +--------+--------+--------+--------+--------+-----+--------+

Top non-repeatable levels by time:
  Lair:2: 2140 daAuts
  Lair:1: 1947 daAuts
     D:1: 1775 daAuts
     D:7: 1394 daAuts
     D:2: 1320 daAuts
     D:6: 1304 daAuts
  Lair:3: 1261 daAuts
     D:5: 1222 daAuts
     D:9: 1198 daAuts
     D:8: 1076 daAuts
     D:3: 894 daAuts
     D:4: 526 daAuts
  Lair:4: 103 daAuts
  Temple: 77 daAuts
